 Dungeon Crawl Stone Soup version 0.21.1-1-g345015fe64 (webtiles) character file.

136546 Gunterle the Fencer (level 17, 0/123 HPs)
             Began as an Octopode Fighter on July 12, 2018.
             Was a High Priest of Dithmenos.
             Shot with an arrow by a satyr (18 damage)
             ... on level 4 of the Shoals on July 15, 2018.
             The game lasted 05:23:57 (45762 turns).

Gunterle the Fencer (Octopode Fighter)             Turns: 45762, Time: 05:23:57

Health: 0/123      AC:  5    Str: 17    XL:     17   Next: 21%
Magic:  25/25      EV: 26    Int: 10    God:    Dithmenos [*****.]
Gold:   1487       SH: 16    Dex: 21    Spells: 16/16 levels left

rFire    . . .     SeeInvis .   C - +2 dagger (venom)
rCold    . . .     Gourm    .   j - +5 shield
rNeg     . . .     Faith    .   (helmet restricted)
rPois    +         Spirit   .   A - amulet of rage
rElec    .         Reflect  .   L - ring of stealth
rCorr    .         Harm     .   t - ring of protection from magic
MR       +++..                  K - +4 ring of protection (curse)
Stlth    ++++++++++             S - +4 ring of evasion
HPRegen  0.30/turn              T - ring of poison resistance
MPRegen  0.19/turn              U - +2 ring of dexterity
                                m - ring of protection from magic
                                P - ring "Buker" {Dex+2 Stlth+}

@: berserk cooldown, slowed, wreathed by umbra, very slow
A: almost no armour, stealthy swim, amphibious, 8 rings, constrict 8, camouflage
1, gelatinous body 1
a: Shadow Step, Shadow Form, Renounce Religion, Evoke Berserk Rage


You were on level 4 of the Shoals.
You worshipped Dithmenos.
Dithmenos was extremely pleased with you.
You were not hungry.

You visited 5 branches of the dungeon, and saw 28 of its levels.
You also visited: Sewer and Ice Cave.

You collected 2269 gold pieces.
You spent 782 gold pieces at shops.

Inventory:

Hand Weapons
 a - a +5 demon blade of freezing
 b - a +1 short sword of freezing
 g - a +4 long sword of protection
 C - a +2 dagger of venom (weapon)
 N - a +2 fustibalus of velocity
Missiles
 i - 14 steel javelins (quivered)
 u - 15 javelins
 y - 178 sling bullets
 V - 9 tomahawks of returning
Armour
 j - a +5 shield (worn)
Jewellery
 e - an uncursed ring of positive energy
 m - a ring of protection from magic (on tentacle)
 t - a ring of protection from magic (right tentacle)
 A - an amulet of rage (around mantle)
 I - an uncursed ring of protection from cold
 K - a cursed +4 ring of protection (on tentacle)
 L - a ring of stealth (left tentacle)
 P - the ring "Buker" (on tentacle) {Dex+2 Stlth+}
   (You found it on level 6 of the Lair of Beasts)

   [ring of stealth]

   It affects your dexterity (+2).
   It makes you more stealthy.
 S - a +4 ring of evasion (on tentacle)
 T - a ring of poison resistance (on tentacle)
 U - a +2 ring of dexterity (on tentacle)
 Y - an uncursed ring of poison resistance
Wands
 s - a wand of acid (7)
 G - a wand of digging (42)
 J - a wand of iceblast (19)
Scrolls
 c - a scroll of torment
 h - 2 scrolls of identify
 o - 12 scrolls of teleportation
 r - 2 scrolls of magic mapping
 x - 2 scrolls of fear
 F - 2 scrolls of fog
 M - a scroll of summoning
 Q - 11 scrolls of remove curse
 R - 2 scrolls of blinking
Potions
 f - 11 potions of flight
 k - a potion of berserk rage
 l - 11 potions of curing
 n - a potion of resistance
 p - a potion of lignification
 v - 2 potions of haste
 w - a potion of magic
 z - 3 potions of ambrosia
 D - a potion of invisibility
 H - 3 potions of cancellation
Miscellaneous
 q - a fan of gales
 B - a fan of gales
 E - a lightning rod (4/4)
 W - a phial of floods
 X - a sack of spiders
Comestibles
 d - 40 rations
 O - 9 chunks of flesh


   Skills:
 + Level 13.3 Fighting
 * Level 15.2 Long Blades
 + Level 13.1(13.2) Slings
 - Level 2.6(9.1) Throwing
 + Level 12.2 Dodging
 - Level 8.4 Stealth
 + Level 7.1 Shields
 + Level 11.5 Invocations
 - Level 5.8 Evocations


You had 16 spell levels left.
You didn't know any spells.

Dungeon Overview and Level Annotations

Branches:
Dungeon (15/15)            Temple (1/1) D:6            Lair (6/6) D:10
 Shoals (4/4) Lair:3        Snake (0/4) Lair:4        Slime (0/5) Lair:6
    Orc (2/2) D:11            Elf (0/3) Orc:2        Vaults (0/5) D:14
 Depths: D:15

Altars:
Ashenzari
Cheibriados
Dithmenos
Elyvilon
Fedhas
Gozag
Hepliaklqana
Kikubaaqudgha
Makhleb
Nemelex Xobeh
Okawaru
Qazlal
Ru
Sif Muna
Trog
Uskayaw
Vehumet
Wu Jian
Xom
Yredelemnul
Zin
The Shining One
Beogh

Shops:
D:9 ?   Orc:2 (*(%

Annotations:
D:2 Robin
Lair:4 exclusion: 2 oklob plants


Innate Abilities, Weirdness & Mutations

You cannot wear most types of armour.
You are very stealthy in the water. (Stealth+)
You are amphibious.
You can wear up to eight rings at the same time.
You can use your tentacles to constrict eight enemies at once.
Your skin changes colour to match your surroundings (Stealth+).
Your rubbery body absorbs attacks. (AC +1, EV +1)


Message History

You squeeze the frost giant!
The frost giant is almost dead.
Your shadow hits the frost giant but does no damage.
You puncture the frost giant!
You kill the frost giant!
Dithmenos accepts your kill.
You hear a splash.
You feel a strong urge to attack something.
You are no longer berserk.
You are exhausted.
You feel yourself slow down. You block the snapping turtle's attack.
The merfolk javelineer throws a javelin.
You block the javelin.
You see here a javelin.
The snapping turtle bites you from afar!!
* * * LOW HITPOINT WARNING * * *
The satyr unwields an uncursed spear.
The satyr wields an uncursed longbow.
The satyr shoots an arrow.
The arrow hits you!!
You die...

≈≈≈≈≈≈≈≈≈≈≈≈..≈≈≈≈≈≈≈≈≈≈≈≈≈≈
..≈≈≈≈≈≈≈≈≈≈%≈≈≈≈≈≈≈≈≈≈≈≈P≈≈
......≈≈≈≈≈≈.≈≈≈≈≈≈≈≈≈≈≈≈P≈≈
≈....≈≈≈≈≈....≈≈≈≈≈≈≈m≈≈≈≈≈P
≈.....≈≈≈.......≈≈≈≈≈≈≈≈≈≈≈
≈..≈.............%.(...≈≈≈
≈.≈...................m#.
≈......#<%...........≈)#
.......÷##...@..tm.≈m(#≈≈#
.....#.###.........c≈##m≈%≈≈
....###..........(.≈≈≈#≈C#m#≈#
....###............≈≈###≈c m≈
.....$............≈≈≈# t#≈ ≈#
≈...............≈≈## m≈≈≈ .
≈...........(..≈≈≈≈# tm H.
≈.............≈≈≈≈≈≈#
≈...............≈≈≈.≈≈


You could see a merfolk impaler, a merfolk javelineer, a satyr and a snapping
turtle.

Vanquished Creatures
  Rupert (Lair:5)
  A kraken (Shoals:3)
  Donald (Shoals:2)
  Kirke (D:14)
  Polyphemus (Shoals:2)
  2 frost giants
  Aizul (Shoals:1)
  Snorg (Lair:6)
  An ettin (Orc:2)
  5 merfolk javelineers
  2 merfolk impalers
  Josephine (Lair:5)
  2 vault guards (D:13)
  6 hydras
  A merfolk avatar (Shoals:2)
  An alligator snapping turtle (Shoals:1)
  4 catoblepae
  2 merfolk aquamancers
  5 centaur warriors
  5 two-headed ogres
  A satyr (Shoals:3)
  13 death yaks
  2 tengu warriors
  An orc high priest (Orc:1)
  Sonja (D:14)
  3 skeletal warriors (D:13)
  7 sea snakes
  16 harpies
  A wizard (D:14)
  10 fauns
  2 necromancers (D:14)
  7 cyclopes
  11 manticores
  10 orc sorcerers
  6 ugly things
  An elephant (Lair:2)
  3 black mambas
  2 centaur zombies (D:13)
  8 merfolk sirens
  6 water nymphs
  2 centaur skeletons
  15 spiny frogs
  2 rime drakes
  6 komodo dragons
  A yaktaur (D:14)
  8 trolls
  A polar bear (Lair:2)
  19 merfolk
  A tengu conjurer (D:14)
  2 wind drakes (Shoals:2)
  3 slime creatures (D:13)
  2 hornets
  5 blink frogs
  14 hippogriffs
  9 snapping turtles
  A shadow (D:12)
  3 wyverns
  8 water elementals
  4 wraiths
  65 yaks
  2 hungry ghosts (D:9)
  20 humans
  3 basilisks
  4 hogs (D:8)
  A vampire mosquito (D:10)
  A steam dragon (D:9)
  7 wargs
  An acid dragon (D:13)
  A soldier ant (D:13)
  16 water moccasins
  9 porcupines
  17 ice beasts
  A sky beast (D:10)
  Purgy (Sewer)
  28 orc warriors
  2 phantoms
  4 wolves
  2 eyes of draining
  8 ogres
  3 black bears
  A necrophage (D:3)
  16 centaurs
  15 crocodiles
  3 big kobolds
  A gnoll sergeant (D:7)
  19 bullfrogs
  5 scorpions
  2 wyvern skeletons
  5 howler monkeys
  7 electric eels
  A lava snake (Lair:2)
  12 crimson imps
  2 bullfrog zombies
  4 jellies
  17 orc priests
  9 hounds
  47 orc wizards
  Crazy Yiuf (D:5)
  4 bullfrog skeletons
  An iguana (D:9)
  7 worker ants
  11 gnolls
  A howler monkey skeleton (D:5)
  2 worker ant zombies
  7 adders
  3 shadow imps
  An adder zombie (D:5)
  3 worms
  3 dart slugs
  5 leopard geckos
  115 orcs
  6 bats
  3 giant cockroaches
  18 goblins
  13 hobgoblins
  20 jackals
  7 quokkas
  5 ball pythons
  10 frilled lizards
  35 kobolds
  A quokka skeleton (D:5)
  11 rats
  A tentacle (Shoals:3)
917 creatures vanquished.

Vanquished Creatures (collateral kills)
  A faun (Shoals:2)
1 creature vanquished.

Vanquished Creatures (others)
  An ugly thing (IceCv)
  2 humans
  5 orcs
  A bush (Lair:5)
  13 fungi
  28 plants
  3 tentacles (Shoals:3)
53 creatures vanquished.

Grand Total: 971 creatures vanquished

Notes
Turn   | Place    | Note
-------+----------+-------------------------------------------
     0 | D:1      | Gunterle the Octopode Fighter began the quest for the Orb.
     0 | D:1      | Reached XP level 1. HP: 16/16 MP: 1/1
    68 | D:1      | Reached XP level 2. HP: 17/21 MP: 2/2
   133 | D:1      | Reached skill level 1 in Stealth
   353 | D:1      | Reached XP level 3. HP: 15/26 MP: 3/3
  1141 | D:2      | Reached skill level 3 in Long Blades
  1144 | D:2      | Reached XP level 4. HP: 22/31 MP: 4/4
  1576 | D:2      | Noticed Robin
  2275 | D:3      | Found a bloodstained altar of Trog.
  2465 | D:3      | Reached XP level 5. HP: 36/36 MP: 5/5
  3015 | D:3      | Noticed a necrophage
  3020 | D:3      | Killed a necrophage
  3020 | D:3      | Reached skill level 4 in Long Blades
  3020 | D:3      | Reached XP level 6. HP: 39/43 MP: 6/6
  3318 | D:4      | Found a glowing drain.
  3391 | Sewer    | Entered a sewer
  3589 | Sewer    | Noticed Purgy
  3605 | Sewer    | Killed Purgy
  3605 | Sewer    | Reached skill level 5 in Long Blades
  3605 | Sewer    | Reached XP level 7. HP: 14/49 MP: 7/7
  4568 | D:5      | Entered Level 5 of the Dungeon
  4568 | D:5      | Noticed a yak
  4568 | D:5      | Noticed a yak
  4568 | D:5      | Noticed a yak
  4568 | D:5      | Noticed a yak
  4568 | D:5      | Noticed a yak
  4568 | D:5      | Noticed a yak
  4888 | D:5      | Reached skill level 5 in Fighting
  4888 | D:5      | Reached skill level 6 in Long Blades
  5047 | D:5      | Found a runed door.
  5178 | D:5      | Reached skill level 5 in Dodging
  5201 | D:5      | Noticed a hippogriff
  5225 | D:5      | Killed a hippogriff
  5225 | D:5      | Reached XP level 8. HP: 27/55 MP: 8/8
  5870 | D:5      | Killed a yak
  5870 | D:5      | Reached skill level 7 in Long Blades
  6191 | D:5      | Killed a yak
  6196 | D:5      | Killed a yak
  6200 | D:5      | Killed a yak
  6200 | D:5      | Reached skill level 8 in Long Blades
  6200 | D:5      | Reached XP level 9. HP: 11/62 MP: 9/9
  7197 | D:6      | Found a hide-covered altar of Uskayaw.
  7865 | D:6      | Found a staircase to the Ecumenical Temple.
  7871 | Temple   | Entered the Ecumenical Temple
  7885 | Temple   | Became a worshipper of Dithmenos the Shadowed
  8530 | D:6      | Reached skill level 9 in Long Blades
  8690 | D:6      | Reached skill level 1 in Invocations
  9543 | D:7      | Reached XP level 10. HP: 66/71 MP: 10/12
  9559 | D:7      | Reached * piety under Dithmenos
  9891 | D:8      | Reached skill level 10 in Long Blades
 10501 | D:8      | Noticed a two-headed ogre
 10517 | D:8      | Killed a two-headed ogre
 10673 | D:8      | Found an ancient bone altar of Kikubaaqudgha.
 11244 | D:9      | Reached ** piety under Dithmenos
 11244 | D:9      | Reached skill level 11 in Long Blades
 11244 | D:9      | Reached skill level 5 in Invocations
 11422 | D:9      | Reached XP level 11. HP: 77/78 MP: 14/14
 11482 | D:9      | Found Kecvozet's Magic Scroll Shoppe.
 11488 | D:9      | Bought a scroll of identify for 30 gold pieces
 11488 | D:9      | Bought a scroll of identify for 30 gold pieces
 11488 | D:9      | Bought a scroll of blinking for 112 gold pieces
 11505 | D:9      | Bought a scroll of noise for 15 gold pieces
 11505 | D:9      | Bought a scroll of torment for 112 gold pieces
 11662 | D:9      | Found a burning altar of Makhleb.
 11962 | D:5      | Noticed Crazy Yiuf
 11966 | D:5      | Killed Crazy Yiuf
 12068 | D:10     | Entered Level 10 of the Dungeon
 13269 | D:10     | Found a staircase to the Lair.
 13448 | D:10     | Reached *** piety under Dithmenos
 13547 | D:10     | Found a shimmering altar of Xom.
 13635 | D:10     | Found a large runed door.
 13636 | D:10     | Found a large runed door.
 14293 | Lair:1   | Entered Level 1 of the Lair of Beasts
 14403 | Lair:1   | Reached skill level 12 in Long Blades
 14511 | Lair:1   | Noticed a five-headed hydra
 14568 | Lair:1   | Killed a five-headed hydra
 14592 | Lair:1   | Reached XP level 12. HP: 72/86 MP: 17/17
 15828 | Lair:2   | Reached skill level 13 in Long Blades
 15838 | Lair:2   | Reached **** piety under Dithmenos
 16368 | Lair:2   | Reached skill level 10 in Fighting
 16437 | Lair:2   | Reached skill level 10 in Dodging
 17736 | Lair:3   | Found a staircase to the Shoals.
 18151 | Lair:4   | Reached XP level 13. HP: 93/93 MP: 19/19
 18673 | Lair:4   | Found a staircase to the Snake Pit.
 19326 | Lair:5   | Noticed Rupert
 19334 | Lair:5   | Killed Rupert
 19334 | Lair:5   | Reached skill level 14 in Long Blades
 20357 | Lair:5   | Reached skill level 1 in Evocations
 20366 | Lair:5   | Reached skill level 1 in Throwing
 20990 | Lair:5   | Noticed Josephine
 21017 | Lair:5   | Killed Josephine
 21242 | Lair:6   | Entered Level 6 of the Lair of Beasts
 21242 | Lair:6   | Noticed Snorg
 21254 | Lair:6   | Killed Snorg
 21492 | Lair:6   | Found a frozen archway.
 21539 | IceCv    | Entered an ice cave
 21954 | IceCv    | Found a transporter.
 21968 | IceCv    | Got a brightly glowing dire flail
 22679 | D:10     | Found a shimmering altar of Xom.
 22689 | D:10     | Found a snail-covered altar of Cheibriados.
 22689 | D:10     | Noticed a frost giant
 22718 | D:10     | Killed a frost giant
 22718 | D:10     | Reached skill level 5 in Stealth
 23106 | D:11     | Reached XP level 14. HP: 87/101 MP: 21/21
 23335 | D:10     | Reached skill level 1 in Slings
 24613 | D:11     | Found a staircase to the Orcish Mines.
 25229 | D:12     | Reached skill level 10 in Invocations
 25384 | D:12     | Reached ***** piety under Dithmenos
 26137 | Orc:1    | Entered Level 1 of the Orcish Mines
 26420 | Orc:2    | Entered Level 2 of the Orcish Mines
 27302 | Orc:2    | Reached skill level 5 in Shields
 27703 | Orc:2    | Found Cuvyonn's Assorted Antiques.
 27703 | Orc:2    | Found Purod's Weapon Boutique.
 28062 | Orc:2    | Found a roughly hewn altar of Beogh.
 28098 | Orc:2    | Found Zeareiku's Antique Weapon Boutique.
 28107 | Orc:2    | Found Hywat's Food Emporium.
 28220 | Orc:2    | Bought a glowing long sword for 195 gold pieces
 28262 | Orc:2    | Reached ****** piety under Dithmenos
 28366 | Orc:2    | Found a staircase to the Elven Halls.
 30281 | Lair:6   | Reached skill level 5 in Evocations
 30478 | Lair:6   | Reached XP level 15. HP: 97/109 MP: 22/22
 31501 | Lair:6   | Got a sparkling golden ring
 31506 | Lair:6   | Identified the ring "Buker" {Dex+2 Stlth+} (You found it on level 6 of the Lair of Beasts)
 31625 | Lair:6   | Found a staircase to the Slime Pits.
 32782 | Orc:2    | Bought a scroll of identify for 72 gold pieces
 32782 | Orc:2    | Bought a scroll labeled QETTIU EJ NOA for 36 gold pieces
 32782 | Orc:2    | Bought a potion of heal wounds for 180 gold pieces
 33287 | D:13     | Found a shadowy altar of Dithmenos.
 34260 | D:14     | Noticed Kirke
 34368 | D:14     | Killed Kirke
 34368 | D:14     | Reached skill level 5 in Slings
 34452 | D:14     | Found Xeuti's Antique Armour Shoppe.
 34664 | D:14     | Found an iron altar of Okawaru.
 35655 | D:14     | Found a gate to the Vaults.
 35918 | D:14     | Noticed Sonja
 35920 | D:14     | Killed Sonja
 36270 | Shoals:1 | Entered Level 1 of the Shoals
 36643 | Shoals:1 | Reached XP level 16. HP: 117/117 MP: 24/24
 37642 | Shoals:1 | Reached skill level 10 in Slings
 37871 | Shoals:1 | Noticed Aizul
 37883 | Shoals:1 | Killed Aizul
 38695 | Shoals:2 | Noticed Donald
 38698 | Shoals:2 | Killed Donald
 39240 | Shoals:2 | Noticed Polyphemus
 41318 | Shoals:2 | Killed Polyphemus
 41912 | Lair:3   | Identified a scroll of acquirement
 42090 | D:15     | Entered Level 15 of the Dungeon
 43317 | Shoals:3 | Noticed a kraken
 43328 | Shoals:3 | Killed a kraken
 44469 | Shoals:3 | Reached skill level 15 in Long Blades
 44469 | Shoals:3 | Reached XP level 17. HP: 108/123 MP: 25/25
 44820 | Shoals:4 | Entered Level 4 of the Shoals
 45762 | Shoals:4 | Shot with an arrow by a satyr

Skill      XL: |  1  2  3  4  5  6  7  8  9 10 11 12 13 14 15 16 17 |
---------------+----------------------------------------------------+-----
Stealth        | 1 2 5 7 8 |  8.4
Long Blades    | 3 4 5 6 8 9 11 12 13 14 15 | 15.2
Fighting       | 4 5 6 7 8 9 10 11 12 13 | 13.3
Dodging        | 4 5 6 7 8 9 10 11 12 | 12.2
Invocations    | 2 5 7 8 9 10 11 | 11.5
Evocations     | 3 5 |  5.8
Throwing       | 2 |  2.6
Shields        | 4 5 6 7 |  7.1
Slings         | 3 9 12 13 | 13.1

Action                   |  1- 3 |  4- 6 |  7- 9 | 10-12 | 13-15 | 16-18 || total
-------------------------+-------+-------+-------+-------+-------+-------++-------
Melee: Long sword        |    54 |   138 |   262 |   514 |  1199 |   246 ||  2413
       Constrict         |    17 |    39 |    62 |    71 |   185 |    59 ||   433
       Tentacles         |    13 |    22 |    69 |   189 |   533 |   173 ||   999
       Short sword       |       |       |       |   159 |   292 |       ||   451
       Dagger            |       |       |       |       |   124 |    62 ||   186
       Demon blade       |       |       |       |       |       |   143 ||   143
 Fire: Blowgun           |       |       |       |     2 |    35 |       ||    37
       Fustibalus        |       |       |       |       |   113 |   117 ||   230
Throw: Stone             |       |       |     4 |       |     6 |       ||    10
       Tomahawk          |       |       |     8 |    17 |     3 |     1 ||    29
Invok: Shadow Step       |       |       |       |     1 |    17 |     6 ||    24
Evoke: Wand              |       |       |       |       |     6 |       ||     6
       Lightning rod     |       |       |       |       |     4 |     2 ||     6
       Fan of gales      |       |       |       |       |       |     1 ||     1
       Phial of floods   |       |       |       |       |       |     1 ||     1
       Sack of spiders   |       |       |       |       |       |     1 ||     1
  Use: Scroll            |       |     6 |    14 |     8 |     8 |     9 ||    45
       Potion            |       |       |     5 |     3 |    18 |     9 ||    35
 Stab: Sleeping          |     6 |    10 |    14 |    33 |    52 |    28 ||   143
       Distracted        |       |       |       |       |     3 |     5 ||     8
  Eat: Chunk             |     1 |     8 |    15 |    28 |    40 |    17 ||   109
       Ration            |       |       |     1 |       |     6 |     3 ||    10
Armor: Skin              |     5 |     9 |     6 |    32 |   138 |    32 ||   222
Dodge: Dodged            |    19 |    56 |    69 |   336 |   779 |   344 ||  1603
Block: Shield            |    23 |    93 |   142 |   350 |   978 |   366 ||  1952
       Rpst.: Long sword |     4 |    11 |    16 |    61 |   162 |    23 ||   277
       Demon blade       |       |       |       |       |       |    30 ||    30
